 Dungeon Crawl Stone Soup version 0.31.0-4-g52a2dc7128 (webtiles) character file.

Game seed: 732064875184867526

249 Aviak the Poker (level 6, -3/47 (50) HPs)
             Began as a Gnoll Reaver on Jan 21, 2024.
             Slain by a kobold brigand
             ... wielding a +0 short sword
              (5 damage)
             ... in a sewer.
             The game lasted 00:05:42 (1815 turns).

Aviak the Poker (Gnoll Reaver)                      Turns: 1815, Time: 00:05:43

HP:   -3/47 (50)    AC:  3    Str: 12      XL:     6   Next: 12%
MP:   0/14          EV: 12    Int: 13 (14) God:
Gold: 79            SH:  0    Dex:  9 (10) Spells: 5/15 levels left

rFire   . . .        m - +0 hand axe (flame)
rCold   . . .        (no shield)
rNeg    . . .        b - +0 leather armour
rPois   .            (no helmet)
rElec   .            (no cloak)
rCorr   .            (no gloves)
SInv    .            (no boots)
Will    .....        (no amulet)
Stlth   +            (no ring)
HPRegen 0.27/turn    (no ring)
MPRegen 0.14/turn

%: no passive effects
@: freezing walls, attractive, very slightly contaminated, drained
A: fangs 1, strong nose, distributed training
a: no special abilities


You were in a sewer.
You visited 1 branch of the dungeon, and saw 3 of its levels.
You also visited: Sewer.

You collected 79 gold pieces.

Inventory:

Hand Weapons
 i - a +0 trident
 m - a +0 hand axe of flaming (weapon)
Armour
 b - a +0 leather armour (worn)
Wands
 k - a wand of paralysis (9)
Scrolls
 a - a scroll of teleportation {unknown}
 c - 2 scrolls of identify {unknown}
 d - 2 scrolls of enchant armour {unknown}
 e - a scroll of amnesia {unknown}
 f - 3 scrolls of noise {unknown}
 g - 2 scrolls of silence {unknown}
 h - 2 scrolls of brand weapon {unknown}
 l - a scroll of fog {unknown}


   Skills:
 + Level 4.9 Fighting
 + Level 1.9 Short Blades
 + Level 1.9 Long Blades
 + Level 1.9 Axes
 + Level 1.9 Maces & Flails
 + Level 6.8 Polearms
 + Level 1.9 Staves
 + Level 1.9 Ranged Weapons
 + Level 1.9 Throwing
 + Level 1.9 Armour
 + Level 4.9 Dodging
 + Level 1.9 Stealth
 + Level 1.9 Shields
 + Level 1.9 Unarmed Combat
 + Level 5.3 Spellcasting
 + Level 5.6 Conjurations
 + Level 1.5 Hexes
 + Level 1.5 Summonings
 + Level 1.5 Necromancy
 + Level 1.5 Translocations
 + Level 1.5 Fire Magic
 + Level 1.5 Ice Magic
 + Level 1.5 Air Magic
 + Level 1.5 Earth Magic
 + Level 1.5 Alchemy
 + Level 2.1 Invocations
 + Level 1.9 Evocations
 + Level 1.7 Shapeshifting


You had 5 spell levels left.
You knew the following spells:

 Your Spells              Type           Power      Damage    Failure   Level
a - Kiss of Death         Conj/Necr      48%        2d9       5%          1
b - Momentum Strike       Conj/Tloc      24%        3d8       8%          2
c - Hailstorm             Conj/Ice       12%        3d6       16%         3
d - Frozen Ramparts       Ice            14%        1d3       36%         3
e - Freeze                Ice            28%        1d5       12%         1

Your spell library contained the following spells:

 Spells                   Type           Power      Damage    Failure   Level


Dungeon Overview and Level Annotations

Branches:
Dungeon (3/15)              Sewer (1/1)

Altars:

Shops:
D:1 !


Innate Abilities, Weirdness & Mutations

You have very sharp teeth.
Your uncanny sense of smell can sniff out nearby items.
Your experience applies equally to all skills.


Message History

You kill the kobold brigand!
The kobold brigand hits you with a +0 short sword.
* * * LOW HITPOINT WARNING * * *
You feel your strength returning.
Your Invocations skill increases to level 2!
You have reached level 6!
Casting: Freeze (safe; 12% risk of failure)
Confirm with . or Enter, or press ? or * to list all spells.
Casting: Frozen Ramparts (quite dangerous; 36% risk of failure)
Press: ? - help, Dir - look around, f - activate The walls around you are covered in ice.
The wall freezes the kobold.
The kobold misses you.
The wall freezes the kobold brigand but does no damage.
The kobold brigand hits you with a +0 short sword.
* * * LOW HITPOINT WARNING * * *
You hit the kobold brigand. You burn the kobold brigand.
The kobold brigand is lightly wounded.
You hit the plant.
The plant begins to die.
You burn the plant. You closely miss the kobold.
The wall freezes the kobold but does no damage.
The kobold hits you with a +0 short sword.
* * * LOW HITPOINT WARNING * * *
The wall freezes the kobold brigand.
The kobold brigand hits you with a +0 short sword.
* * * LOW HITPOINT WARNING * * *
Your magical contamination has completely faded away.
Unknown command.
Casting: Frozen Ramparts (quite dangerous; 36% risk of failure)
Confirm with . or Enter, or press ? or * to list all spells.
Aiming: Freeze (safe; 12% risk of failure)
Press: ? - help, Shift-Dir - straight line, f - kobold brigand
Aim: a kobold brigand, wielding a +0 short sword and quivering poisoned darts (moderately wounded)
You miscast Freeze.
You are very lightly contaminated with residual magic.
Nothing appears to happen.
The wall freezes the kobold.
The kobold hits you with a +0 short sword.
* * * LOW HITPOINT WARNING * * *
The wall freezes the kobold brigand.
The kobold brigand hits you with a +0 short sword.
You die...

. ##########
..####.....##.#
..............########
.......P........#....#####
......†.........'.!!.#.∩.#
~...P.....~~~~.KK..∩.#.∩.#
~~........~~~~P@#...?#...#
############~~########'###
~~~~~~~~~~~~~~~~~~≈#
≈≈≈≈~≈≈≈≈≈~≈≈≈≈≈~≈≈#
~~~~~~~~~~~~~~~~~~≈#
~~~################# P~~
.~ ∆ ∆∆


You could see a kobold brigand and a kobold.

Vanquished Creatures
  A kobold brigand (Sewer)
  An orc wizard (D:3)
  4 gnolls (D:2)
  4 ribbon worms
  4 dart slugs
  9 orcs
  10 ball pythons
  7 endoplasms
  7 giant cockroaches
  5 goblins
  6 hobgoblins
  4 quokkas
  9 bats
  7 frilled lizards
  6 kobolds
  5 rats
89 creatures vanquished.

Notes
Turn   | Place    | Note
-------+----------+-------------------------------------------
     0 | D:1      | Aviak the Gnoll Reaver began the quest for the Orb.
     0 | D:1      | Reached XP level 1. HP: 20/20 MP: 6/6
   130 | D:1      | Reached XP level 2. HP: 26/26 MP: 7/7
   471 | D:1      | Found Syeth's Distillery.
   478 | D:1      | Reached skill level 5 in Spellcasting
   478 | D:1      | Reached XP level 3. HP: 24/24 MP: 7/9
   571 | D:2      | Reached skill level 1 in Invocations
   581 | D:2      | Learned a level 2 spell: Momentum Strike
   585 | D:2      | Learned a level 3 spell: Hailstorm
   657 | D:2      | Reached skill level 1 in Short Blades
   657 | D:2      | Reached skill level 1 in Long Blades
   657 | D:2      | Reached skill level 1 in Axes
   657 | D:2      | Reached skill level 1 in Maces & Flails
   657 | D:2      | Reached skill level 1 in Staves
   657 | D:2      | Reached skill level 1 in Ranged Weapons
   657 | D:2      | Reached skill level 1 in Throwing
   657 | D:2      | Reached skill level 1 in Armour
   657 | D:2      | Reached skill level 1 in Stealth
   657 | D:2      | Reached skill level 1 in Shields
   657 | D:2      | Reached skill level 1 in Unarmed Combat
   657 | D:2      | Reached skill level 1 in Evocations
   669 | D:2      | Reached skill level 1 in Shapeshifting
   669 | D:2      | Reached XP level 4. HP: 13/38 MP: 11/11
   769 | D:2      | Reached skill level 1 in Hexes
   769 | D:2      | Reached skill level 1 in Summonings
   769 | D:2      | Reached skill level 1 in Necromancy
   769 | D:2      | Reached skill level 1 in Translocations
   769 | D:2      | Reached skill level 1 in Fire Magic
   769 | D:2      | Reached skill level 1 in Ice Magic
   769 | D:2      | Reached skill level 1 in Air Magic
   769 | D:2      | Reached skill level 1 in Earth Magic
   769 | D:2      | Reached skill level 1 in Alchemy
   873 | D:2      | Learned a level 3 spell: Frozen Ramparts
   875 | D:2      | Learned a level 1 spell: Freeze
  1436 | D:2      | Reached XP level 5. HP: 34/41 MP: 12/12
  1683 | D:3      | Found a glowing drain.
  1703 | Sewer    | Entered a sewer
  1799 | Sewer    | Noticed a kobold brigand
  1799 | Sewer    | Noticed a kobold brigand
  1812 | Sewer    | Killed a kobold brigand
  1813 | Sewer    | Reached XP level 6. HP: 10/47 MP: 4/14
  1815 | Sewer    | HP: 2/47 [kobold/+0 short sword (2)]
  1815 | Sewer    | Slain by a kobold brigand

Illustrated notes

Levels and vault maps discovered:
D:1:      mainiacjoe_arrival_reflecting_pool, layout_rooms, serial_shops, shop
D:2:      layout_loops_ring, minmay_surrounded
D:3:      layout_basic, gup_sewer_entry_pipe, gammafunk_ghost_grave,
          minmay_circle_x
Sewer:    kennysheep_pipe_town

Skill      XL: |  1  2  3  4  5 |
---------------+----------------+-----
Spellcasting   | 5 |  5.3
Invocations    | 1 2 |  2.1
Short Blades   | 1 |  1.9
Long Blades    | 1 |  1.9
Axes           | 1 |  1.9
Maces & Flails | 1 |  1.9
Staves         | 1 |  1.9
Ranged Weapons | 1 |  1.9
Throwing       | 1 |  1.9
Armour         | 1 |  1.9
Stealth        | 1 |  1.9
Shields        | 1 |  1.9
Unarmed Combat | 1 |  1.9
Evocations     | 1 |  1.9
Shapeshifting  | 1 |  1.7
Hexes          | 1 |  1.5
Summonings     | 1 |  1.5
Necromancy     | 1 |  1.5
Translocations | 1 |  1.5
Fire Magic     | 1 |  1.5
Ice Magic      | 1 |  1.5
Air Magic      | 1 |  1.5
Earth Magic    | 1 |  1.5
Alchemy        | 1 |  1.5
Fighting       | |  4.9
Polearms       | |  6.8
Dodging        | |  4.9
Conjurations   | |  5.6

Action                     |  1- 3 |  4- 6 || total
---------------------------+-------+-------++-------
  Melee: Spear             |    81 |       ||    81
         Bite              |     5 |    12 ||    17
         Trident           |    27 |   119 ||   146
         Punch             |     2 |       ||     2
         Hand axe          |       |    38 ||    38
   Cast: Kiss of Death     |     2 |     3 ||     5
         Freeze            |       |    29 ||    29
         Frozen Ramparts   |       |     1 ||     1
    Use: Potion            |       |     2 ||     2
   Stab: Sleeping          |     2 |     2 ||     4
 Armour: Leather armour    |    33 |   104 ||   137
  Dodge: Dodged            |    41 |   118 ||   159
